 Dungeon Crawl Stone Soup version 0.26.0-20-g3ca415f5b8 (webtiles) character file.

Game seed: 6259052630280860284

1852 Gauvater the Magician (level 9, -2/55 HPs)
             Began as an Octopode Fire Elementalist on Jan 25, 2021.
             Shot with a sling bullet by Joseph (14 damage)
             ... on level 7 of the Dungeon.
             The game lasted 00:51:20 (8722 turns).

Gauvater the Magician (Octopode Fire Elementalist)  Turns: 8722, Time: 00:51:21

Health: -2/55      AC:  1    Str:  8    XL:     9   Next: 12%
Magic:  20/26      EV: 13    Int: 24    God:
Gold:   254        SH:  0    Dex: 12    Spells: 15/19 levels left

rFire    + . .     SeeInvis +   B - +8 long sword "Plog" {flame, Int+4 Dex+4}
rCold    + . .     Faith    .   (no shield)
rNeg     . . .     Spirit   .   (helmet restricted)
rPois    .         Reflect  .   (no amulet)
rElec    .         Harm     .   b - ring of magical power
rCorr    .         Rampage  .   A - ring of protection from fire
Will     .....                  C - ring of attention (curse)
Stlth    ++........             F - ring of see invisible
HPRegen  0.18/turn              G - ring of protection from cold
MPRegen  0.20/turn              K - -4 ring of dexterity (curse)
                                (no ring)
                                (no ring)

@: no status effects
A: almost no armour, stealthy swim, amphibious, 8 rings, constrict 8, camouflage
1, gelatinous body 1
a: no special abilities


You were on level 7 of the Dungeon.
You visited 1 branch of the dungeon, and saw 7 of its levels.

You collected 254 gold pieces.

Inventory:

Hand Weapons
 r - a +2 trident of freezing
 u - a +3 dagger
 w - a +5 great sword
 z - a +4 long sword
 B - the +8 long sword "Plog" (weapon) {flame, Int+4 Dex+4}
   (You found it on level 5 of the Dungeon)

   It has been specially enchanted to burn those struck by it, causing extra
   injury to most foes and up to half again as much damage against particularly
   susceptible opponents.
   Big, fiery blades are also staple armaments of hydra-hunters.
   It affects your intelligence (+4).
   It affects your dexterity (+4).
Missiles
 a - 184 stones
 g - 68 sling bullets
 j - 47 bolts
 k - 77 arrows
 p - 6 javelins
 q - 11 poisoned darts
 E - 8 boomerangs (quivered)
Armour
 x - a +0 robe
Magical Staves
 t - an uncursed staff of earth
Jewellery
 b - a ring of magical power (left tentacle)
 A - a ring of protection from fire (right tentacle)
 C - a cursed ring of attention (on tentacle)
 F - a ring of see invisible (on tentacle)
 G - a ring of protection from cold (on tentacle)
 I - an uncursed ring of stealth
 K - a cursed -4 ring of dexterity (on tentacle)
Wands
 m - a wand of digging (7)
Scrolls
 d - 2 scrolls of fog
 e - a scroll of teleportation
 h - 2 scrolls of magic mapping
 l - 2 scrolls of immolation
 n - a scroll of blinking
 s - a scroll of enchant armour
 y - a scroll of noise
 H - 3 scrolls of holy word
Potions
 c - 6 potions of curing
 f - 2 potions of resistance
 i - 2 potions of cancellation
 o - a potion of flight {unknown}
 v - 4 potions of might
 D - a potion of brilliance


   Skills:
 * Level 2.4 Fighting
 + Level 3.0 Long Blades
 - Level 2.9 Polearms
 - Level 2.6 Throwing
 - Level 2.4 Dodging
 - Level 4.2 Stealth
 * Level 5.9 Spellcasting
 + Level 4.7 Conjurations
 + Level 5.9 Fire Magic


You had 15 spell levels left.
You knew the following spells:

 Your Spells              Type           Power        Failure   Level
a - Foxfire               Conj/Fire      100%         1%          1
b - Conjure Flame         Conj/Fire      32%          2%          3

Your spell library contained the following spells:

 Spells                   Type           Power        Failure   Level
 Inner Flame              Hex/Fire       21%          7%          3
 Animate Skeleton         Necr           14%          9%          1
 Apportation              Tloc           14%          9%          1
 Corona                   Hex            7%           9%          1
 Summon Small Mammal      Summ           28%          9%          1
 Sticky Flame             Conj/Fire      32%          9%          4
 Fireball                 Conj/Fire      16%          26%         5


Dungeon Overview and Level Annotations

Branches:
Dungeon (7/15)
 Temple: D:4-7

Altars:
Ashenzari
Dithmenos
Fedhas
Gozag
Makhleb
Sif Muna
Trog
Vehumet
Wu Jian
Xom
The Shining One

Annotations:
D:3 Ijyb
D:4 Sigmund
D:7 Joseph


Innate Abilities, Weirdness & Mutations

You cannot wear most types of armour.
You are very stealthy in the water. (Stealth+)
You are amphibious.
You can wear up to eight rings at the same time.
You can use your tentacles to constrict eight enemies at once.
Your skin changes colour to match your surroundings (Stealth+).
Your rubbery body absorbs attacks. (AC +1, EV +1)


Message History

Joseph shoots a sling bullet.
The sling bullet hits you!!
The quokka twitches its whiskers.
You see here a sling bullet.
Casting: Conjure Flame (dangerous; 2% risk of failure)
Confirm with . or Enter, or press ? or * to list all spells.
You conjure some foxfire!
The quokka closely misses you.
You riposte.
You closely miss the quokka. Your grab misses the quokka.
Your squeeze misses the quokka. You slash the quokka! You burn the quokka.
You kill the quokka!
The foxfire hits Joseph.
Joseph is lightly wounded.
The foxfire hits Joseph.
Joseph is lightly wounded.
Joseph shoots a sling bullet.
The sling bullet hits you!
* * * LOW HITPOINT WARNING * * *
Joseph shoots a sling bullet.
The sling bullet completely misses you.
You see here 2 sling bullets.
Joseph shoots a sling bullet.
The sling bullet hits you!
You die...

...####†........
...............
..........##.##
#......#.#8†8###
#.(@5.#..†((@.##
#.......#8.8#..##
#...##.###@##...#
.......##..(l##...#
...!##.l....####@.#
...# #.....####...##
...###.....###.....#
...................#
.........#.....##...#
.........##.##..#...#
##.....#..........##
#....<##.#########
........#..#


You could see Joseph.

Vanquished Creatures
  Pikel (D:4)
  A phantom (D:4)
  An ice beast (D:5)
  2 centaurs (D:6)
  A lemure (D:3)
  3 bullfrogs
  4 wights (D:4)
  4 howler monkeys
  A bullfrog zombie (D:7)
  A bullfrog skeleton (D:5)
  A hound (D:4)
  An orc priest (D:4)
  2 orc wizards (D:6)
  Jessica (D:3)
  3 iguanas
  Natasha (thrice) (D:4)
  A worker ant (D:6)
  3 gnolls
  7 adders
  A white imp (D:7)
  An ooze (D:3)
  2 worms
  A dart slug (D:2)
  4 leopard geckos
  12 orcs
  A ball python (D:1)
  10 bats
  7 giant cockroaches
  9 goblins
  6 hobgoblins
  6 jackals
  10 kobolds
  5 quokkas
  3 frilled lizards
  A giant cockroach zombie (D:5)
  9 rats
129 creatures vanquished.

Vanquished Creatures (others)
  394 foxfires
394 creatures vanquished.

Grand Total: 523 creatures vanquished

Notes
Turn   | Place    | Note
-------+----------+-------------------------------------------
     0 | D:1      | Gauvater the Octopode Fire Elementalist began the quest for
                  | the Orb.
     0 | D:1      | Reached XP level 1. HP: 11/11 MP: 3/3
   194 | D:1      | Reached XP level 2. HP: 17/17 MP: 5/5
   508 | D:1      | Reached XP level 3. HP: 21/21 MP: 6/6
  1219 | D:2      | Reached XP level 4. HP: 27/27 MP: 7/7
  1336 | D:2      | Learned a level 3 spell: Conjure Flame
  1346 | D:2      | Found an ornate altar of the Wu Jian Council.
  1407 | D:2      | Found a shadowy altar of Dithmenos.
  1721 | D:2      | Noticed a spectral centipede
  1721 | D:2      | Noticed a spectral black mamba
  1721 | D:2      | Noticed a spectral cane toad
  2059 | D:3      | Noticed a bullfrog
  2065 | D:3      | Killed a bullfrog
  2066 | D:3      | Reached XP level 5. HP: 7/31 MP: 9/9
  3144 | D:3      | Noticed Ijyb
  4193 | D:4      | Noticed a lemure
  4193 | D:4      | Noticed a lemure
  4193 | D:4      | Noticed Pikel
  4233 | D:3      | Killed a lemure
  4540 | D:3      | Noticed Jessica
  4545 | D:3      | Killed Jessica
  4546 | D:3      | Reached XP level 6. HP: 36/36 MP: 11/11
  4550 | D:3      | Found a shimmering blue altar of Sif Muna.
  4694 | D:4      | Noticed a phantom
  4713 | D:4      | Killed a phantom
  4714 | D:4      | Reached skill level 1 in Throwing
  4895 | D:4      | Noticed Natasha
  4903 | D:4      | Killed Natasha
  4904 | D:4      | Reached XP level 7. HP: 42/42 MP: 13/13
  4916 | D:4      | Noticed Natasha
  4919 | D:4      | Killed Natasha
  5073 | D:4      | Noticed Natasha
  5078 | D:4      | Killed Natasha
  5417 | D:4      | Reached skill level 1 in Polearms
  5577 | D:4      | Reached skill level 5 in Fire Magic
  5733 | D:4      | Found a burning altar of Makhleb.
  5735 | D:4      | Found a shimmering altar of Xom.
  5742 | D:4      | Found a bloodstained altar of Trog.
  5742 | D:4      | Found an opulent altar of Gozag.
  5742 | D:4      | Found a broken altar of Ashenzari.
  6092 | D:4      | Killed Pikel
  6093 | D:4      | Reached skill level 1 in Fighting
  6093 | D:4      | Reached XP level 8. HP: 48/48 MP: 15/15
  6156 | D:4      | Noticed Sigmund
  6426 | D:5      | Entered Level 5 of the Dungeon
  6449 | D:5      | Got an encrusted long sword
  6449 | D:5      | Identified the +8 long sword "Plog" {flame, Int+4 Dex+4}
                  | (You found it on level 5 of the Dungeon)
  6478 | D:5      | Reached skill level 5 in Spellcasting
  6736 | D:5      | Found a radiant altar of Vehumet.
  7067 | D:5      | Found a glowing golden altar of the Shining One.
  7184 | D:6      | Found a blossoming altar of Fedhas.
  7213 | D:6      | Reached skill level 1 in Long Blades
  8061 | D:6      | Reached XP level 9. HP: 46/54 MP: 17/17
  8695 | D:7      | Noticed Joseph
  8722 | D:7      | Shot with a sling bullet by Joseph

Illustrated notes

Levels and vault maps discovered:
D:1:      dpeg_arrival_tiny_a, layout_basic, chequers_serial_rivers_micro_a,
          kennysheep_doodads
D:2:      layout_loops_ring, pdpol_wu_jian_five_deadly_venoms,
          nicolae_dithmenos_through_a_glass_darkly
D:3:      layout_basic, tgw_sif, minmay_starry_boxes, uniq_ijyb
D:4:      layout_layer_cave, minitemple, bh_walls_and_bars, uniq_pikel,
          uniq_natasha, uniq_sigmund
D:5:      layout_rooms, overflow_temple_1_default, tso_oasis_becter
D:6:      layout_layer_cave, basic_altar, hangedman_decor_push
D:7:      layout_cave_pools, minmay_temple_entry_enclosed_plants, serial_shops,
          shop, small_statue_intersection, uniq_joseph

Skill      XL: |  1  2  3  4  5  6  7  8  9 |
---------------+----------------------------+-----
Stealth        | 3 4 |  4.2
Fire Magic     | 4 5 |  5.9
Spellcasting   | 3 4 5 |  5.9
Conjurations   | 2 3 4 |  4.7
Throwing       | 1 2 |  2.6
Polearms       | 2 |  2.9
Fighting       | 1 2 |  2.4
Long Blades    | 2 3 |  3.0
Dodging        | |  2.4

Action                   |  1- 3 |  4- 6 |  7- 9 || total
-------------------------+-------+-------+-------++-------
Melee: Unarmed           |     3 |       |       ||     3
       Constrict         |     1 |     7 |    10 ||    18
       Tentacles         |     1 |     3 |     6 ||    10
       Dagger            |       |    11 |       ||    11
       Trident           |       |    23 |    53 ||    76
       Long sword        |       |       |    32 ||    32
Throw: Dart              |       |    16 |     4 ||    20
       Javelin           |       |     8 |     4 ||    12
       Stone             |       |       |    13 ||    13
       Boomerang         |       |       |     2 ||     2
 Cast: Foxfire           |    62 |   106 |    74 ||   242
       Conjure Flame     |       |     6 |    18 ||    24
  Use: Scroll            |       |     8 |    11 ||    19
Armor: Skin              |     2 |     3 |     1 ||     6
Dodge: Dodged            |    15 |    39 |    29 ||    83
       Rpst.: Long sword |       |       |     7 ||     7
